 Dungeon Crawl Stone Soup version 0.24.0-13-gcf9b319 (webtiles) character file.

Game seed: 5291978226034535260, levelgen mode: deterministic

52607 Fang the Fighter (level 14, -1/92 HPs)
             Began as a Gargoyle Berserker on Dec 6, 2019.
             Was a High Priest of Trog.
             Slain by a gargoyle
             ... wielding a +0 mace
              (8 damage)
             ... on level 12 of the Dungeon.
             The game lasted 00:24:38 (15143 turns).

Fang the Fighter (Gargoyle Berserker)              Turns: 15143, Time: 00:24:39

Health: -1/92      AC: 38    Str: 25    XL:     14   Next: 64%
Magic:  14/14      EV:  9    Int:  9    God:    Trog [*****.]
Gold:   994        SH: 18    Dex:  9    Spells: 13/13 levels left

rFire    + . .     SeeInvis +   a - +2 broad axe (chop)
rCold    . . .     Gourm    .   B - +0 large shield
rNeg     + . .     Faith    .   b - +9 plate armour
rPois    ∞         Spirit   .   (no helmet)
rElec    +         Reflect  .   (no cloak)
rCorr    .         Harm     .   u - +2 pair of gloves
MR       +....                  (no boots)
Stlth    ..........             y - amulet of regeneration
HPRegen  0.65/turn              E - ring of protection from fire
MPRegen  0.14/turn              v - ring of see invisible

@: berserk cooldown, flying, slowed, very slow
A: big wings, negative energy resistance 1, electricity resistance, unbreathing,
petrification resistance, rot immunity, AC +10
a: Stop Flying, Berserk, Trog's Hand, Brothers in Arms, Renounce Religion


You were on level 12 of the Dungeon.
You worshipped Trog.
Trog was extremely pleased with you.
You were not hungry.

You visited 3 branches of the dungeon, and saw 19 of its levels.

You collected 1147 gold pieces.
You spent 153 gold pieces at shops.

Inventory:

Hand Weapons
 a - a +2 broad axe of chopping (weapon)
Armour
 b - a +9 plate armour (worn)
 u - a +2 pair of gloves (worn)
 B - a +0 large shield (worn)
Jewellery
 r - an uncursed ring of protection from magic {unknown}
 v - a ring of see invisible (right hand)
 y - an amulet of regeneration (around neck)
 E - a ring of protection from fire (left hand)
 F - an uncursed ring of protection from cold
Wands
 e - a wand of flame (32)
 g - a wand of iceblast (12)
 h - a wand of disintegration (13)
 i - a wand of random effects (32)
 l - a wand of digging (4)
 A - a wand of acid (7)
 D - a wand of paralysis (21)
 G - a wand of scattershot (7)
Scrolls
 d - 3 scrolls of fog
 j - a scroll of fear
 p - 5 scrolls of magic mapping
 q - 9 scrolls of teleportation
 s - 10 scrolls of remove curse
 t - 6 scrolls of identify
Potions
 f - a potion of resistance
 k - 3 potions of haste
 m - 2 potions of heal wounds
 n - 2 potions of agility
 o - 5 potions of might
 w - 3 potions of cancellation
 x - 9 potions of curing
 z - a potion of berserk rage
Comestibles
 c - 35 rations


   Skills:
 + Level 12.9 Fighting
 + Level 11.1 Axes
 + Level 12.8 Armour
 + Level 10.1 Dodging
 + Level 10.9 Shields


You had 13 spell levels left.
You didn't know any spells.
Your spell library was empty.

Dungeon Overview and Level Annotations

Branches:
Dungeon (12/15)            Temple (1/1) D:7            Lair (6/6) D:8
 Shoals (0/4) Lair:4        Snake (0/4) Lair:2        Slime (0/5) Lair:6
    Orc (0/2) D:12

Altars:
Dithmenos
Elyvilon
Fedhas
Gozag
Makhleb
Nemelex Xobeh
Okawaru
Qazlal
Ru
Sif Muna
Trog
Wu Jian
Xom
Yredelemnul
Zin
The Shining One
Jiyva

Shops:
D:6 [   D:7 =?([   D:10 *

Annotations:
Lair:2 1 runed translucent door, grimtooth's ghost, adept TrMo


Innate Abilities, Weirdness & Mutations

You are resistant to torment.
Your stone body is resilient. (AC +10)
You are immune to poison.
Your large and strong wings let you fly indefinitely.
You resist negative energy. (rN+)
You are resistant to electric shocks. (rElec)
You can survive without breathing.
You are immune to petrification.
You are immune to rotting.


Message History

You closely miss the vampire mosquito.
The vampire mosquito closely misses you.
The centaur warrior hits you but does no damage.
You block the vampire mosquito's attack.
The centaur warrior hits you.
* * * LOW HITPOINT WARNING * * *
The troll closely misses you. You block the troll's attack. x2
The gargoyle hits you but does no damage.
The vampire mosquito bites you but does no damage.
You block the centaur warrior's attack. The troll bites you but does no damage.
The troll completely misses you. x2
You hit the gargoyle.
The gargoyle is severely damaged.
You slash the vampire mosquito!
Your shield and plate armour prevent you from hitting the troll.
Your shield and plate armour prevent you from hitting the centaur warrior.
You block the vampire mosquito's attack. x2
The centaur warrior hits you but does no damage.
The gargoyle hits you with a +0 mace!
You die...

#. ###)### ... #.
##.)#.c# .. #.
##.(#.#o.#
###.####.(##.##..#
# #.....#.(## ..
#Z.# #.#...=.#o##
)". #o#
#.....ZZC#...[#[..
#.Z
.#..cTy#.##.Z):.##
#. #...@.#..#
...## ###9####..#
.## ... #..# #
##.. #..# ##. ##.#
#. #. .. .%


You could see a centaur warrior, a cyclops, a troll, an orc warrior, a vampire
mosquito, a gargoyle, a bullfrog zombie and a bullfrog skeleton.

Vanquished Creatures
  A fire dragon (D:12)
  A hydra (D:12)
  A centaur warrior (D:12)
  2 catoblepae
  3 two-headed ogres
  A tengu warrior (D:12)
  Nergalle (Lair:1)
  Pikel (D:4)
  A lindwurm (Lair:5)
  A cyclops (D:12)
  5 ugly things
  6 elephants
  A merfolk siren (Lair:4)
  2 black mambas
  2 gargoyles (D:12)
  21 spiny frogs
  3 komodo dragons
  A rime drake (D:11)
  2 trolls (D:12)
  3 tyrant leeches (Lair:6)
  A polar bear (Lair:3)
  2 hornets (D:12)
  19 blink frogs
  4 hippogriffs
  A slime creature (D:12)
  4 dream sheep (Lair:6)
  A spriggan (D:7)
  4 wyverns
  43 yaks
  2 basilisks (Lair:5)
  A hungry ghost (D:12)
  Eustachio (D:5)
  4 vampire mosquitoes (Lair:6)
  An acid dragon (D:12)
  A soldier ant (D:12)
  3 nagas (Lair:2)
  27 water moccasins
  6 porcupines
  4 sky beasts
  2 orc warriors
  A necrophage (D:9)
  3 slaves (D:4)
  2 ice beasts (D:8)
  3 phantoms
  3 black bears
  6 ogres
  13 wolves
  9 centaurs
  4 crocodiles
  27 bullfrogs
  2 big kobolds (D:9)
  A gnoll sergeant (D:9)
  A wyvern zombie (D:11)
  3 scorpions
  A wyvern skeleton (D:11)
  10 killer bees
  15 wights
  3 howler monkeys
  3 electric eels
  6 crimson imps
  2 centaur zombies
  2 quasits
  5 jellies
  8 hounds
  9 orc priests
  5 centaur skeletons
  6 orc wizards
  5 iguanas
  12 worker ants
  2 hound zombies
  3 hound skeletons
  3 worker ant zombies
  8 gnolls
  A howler monkey skeleton (D:10)
  22 adders
  3 shadow imps
  An ooze (D:5)
  An adder skeleton (D:5)
  3 adder zombies
  2 worms (D:2)
  4 leopard geckos
  30 orcs
  2 giant cockroaches
  8 hobgoblins
  7 jackals
  12 kobolds
  4 quokkas
  10 bats
  3 frilled lizards
  7 goblins
  A jackal zombie (D:3)
  A leopard gecko skeleton (D:3)
  A leopard gecko zombie (D:9)
  A quokka skeleton (D:3)
  A quokka zombie (D:7)
  4 rats
  3 fungi
  6 plants
514 creatures vanquished.

Vanquished Creatures (collateral kills)
  5 hydras
  A spiny frog (Lair:1)
  2 blink frogs (Lair:6)
  3 yaks (Lair:1)
  2 vampire mosquitoes (Lair:6)
  A water moccasin (Lair:1)
  A porcupine (Lair:1)
  A crocodile (Lair:1)
  A bullfrog (Lair:6)
17 creatures vanquished.

Vanquished Creatures (others)
  A sky beast (D:12)
  An adder (D:11)
  An orc (D:5)
  A giant cockroach (D:4)
  32 plants
36 creatures vanquished.

Grand Total: 567 creatures vanquished

Notes
Turn   | Place    | Note
-------+----------+-------------------------------------------
     0 | D:1      | Fang the Gargoyle Berserker began the quest for the Orb.
     0 | D:1      | Reached XP level 1. HP: 14/14 MP: 1/1
   464 | D:1      | Reached XP level 2. HP: 19/19 MP: 2/2
  1004 | D:2      | Reached XP level 3. HP: 16/24 MP: 3/3
  1099 | D:2      | Reached ** piety under Trog
  1162 | D:2      | You fall into a shaft and drop 2 floors!
  1186 | D:4      | Reached XP level 4. HP: 8/29 MP: 4/4
  1513 | D:4      | Noticed a phantom
  1530 | D:4      | Killed a phantom
  1530 | D:4      | Reached XP level 5. HP: 32/33 MP: 5/5
  1606 | D:4      | Noticed an ogre
  1615 | D:4      | Killed an ogre
  1615 | D:4      | Reached XP level 6. HP: 11/39 MP: 6/6
  2051 | D:4      | Noticed a slave
  2052 | D:4      | Noticed a slave
  2052 | D:4      | Noticed Pikel
  2053 | D:4      | Noticed a slave
  2054 | D:4      | Noticed a slave
  2063 | D:4      | Killed a slave
  2068 | D:4      | Killed a slave
  2074 | D:4      | Killed a slave
  2092 | D:4      | Killed Pikel
  2092 | D:4      | Reached skill level 5 in Fighting
  2092 | D:4      | Reached skill level 5 in Armour
  2092 | D:4      | Reached XP level 7. HP: 20/45 MP: 7/7
  2822 | D:3      | Reached XP level 8. HP: 51/51 MP: 8/8
  2948 | D:3      | Reached skill level 5 in Axes
  3000 | D:3      | Found a shadowy altar of Dithmenos.
  3001 | D:3      | Found an iron altar of Okawaru.
  3005 | D:3      | Found a glowing silver altar of Zin.
  3007 | D:3      | Found a glowing golden altar of the Shining One.
  3007 | D:3      | Found a sacrificial altar of Ru.
  3008 | D:3      | Found an ornate altar of the Wu Jian Council.
  3009 | D:3      | Found a white marble altar of Elyvilon.
  3011 | D:3      | Found a burning altar of Makhleb.
  3012 | D:3      | Found a bloodstained altar of Trog.
  3752 | D:2      | Reached *** piety under Trog
  3965 | D:5      | Entered Level 5 of the Dungeon
  4134 | D:5      | Noticed Eustachio
  4169 | D:5      | Killed Eustachio
  4421 | D:5      | Reached XP level 9. HP: 31/56 MP: 9/9
  4647 | D:5      | Reached skill level 5 in Dodging
  4927 | D:6      | Found a basalt altar of Yredelemnul.
  4976 | D:6      | Found a stormy altar of Qazlal.
  5028 | D:6      | Found Bom Ima's Antique Armour Boutique.
  5035 | D:6      | Reached **** piety under Trog
  5046 | D:6      | Bought a large shield for 153 gold pieces
  5431 | D:6      | Reached skill level 1 in Shields
  5771 | D:7      | Found a staircase to the Ecumenical Temple.
  5779 | D:7      | Found a blossoming altar of Fedhas.
  5845 | Temple   | Entered the Ecumenical Temple
  5936 | D:7      | Found a basalt altar of Yredelemnul.
  5941 | D:7      | Found Gechighag's Jewellery Shop.
  5942 | D:7      | Found Bycs's Weapon Shop.
  5944 | D:7      | Found Giad's Magic Scroll Shop.
  5948 | D:7      | Found Deadioh's Antique Armour Shop.
  6204 | D:7      | Reached XP level 10. HP: 64/64 MP: 10/10
  6327 | D:8      | Reached ***** piety under Trog
  6826 | D:8      | Found a staircase to the Lair.
  6870 | D:8      | Found a sparkling altar of Nemelex Xobeh.
  7492 | D:9      | Found a shimmering blue altar of Sif Muna.
  7663 | D:9      | Received a gift from Trog
  7921 | D:9      | Reached skill level 5 in Shields
  7923 | D:9      | Reached XP level 11. HP: 58/71 MP: 11/11
  8074 | D:10     | Entered Level 10 of the Dungeon
  8158 | D:10     | Found Asor's General Store.
  8806 | D:11     | Noticed a white ugly thing
  8815 | D:11     | Killed a white ugly thing
  8905 | D:11     | Noticed a purple ugly thing
  8919 | D:11     | Killed a purple ugly thing
  9092 | D:11     | Reached skill level 10 in Fighting
  9106 | D:11     | Received a gift from Trog
  9242 | D:11     | Reached skill level 10 in Armour
  9342 | D:11     | Noticed a two-headed ogre
  9350 | D:11     | Killed a two-headed ogre
  9350 | D:11     | Reached XP level 12. HP: 74/78 MP: 12/12
  9492 | Lair:1   | Entered Level 1 of the Lair of Beasts
  9556 | Lair:1   | Noticed Nergalle
  9583 | Lair:1   | Killed Nergalle
  9734 | Lair:1   | Noticed a seven-headed hydra
  9740 | Lair:1   | Killed a seven-headed hydra
  9821 | Lair:1   | Noticed a six-headed hydra
  9859 | Lair:1   | Killed a 12-headed hydra
 10309 | Lair:2   | Found a runed translucent door.
 10312 | Lair:2   | Noticed grimtooth's ghost (adept TrMo)
 10318 | Lair:2   | Identified a scroll of acquirement
 10415 | Lair:2   | Found a staircase to the Snake Pit.
 10812 | Lair:3   | Found an iron altar of Okawaru.
 10856 | Lair:3   | Reached XP level 13. HP: 84/84 MP: 13/13
 11591 | Lair:4   | Received a gift from Trog
 11669 | Lair:4   | Found a staircase to the Shoals.
 12310 | Lair:5   | Reached skill level 10 in Axes
 12449 | Lair:5   | Found a burning altar of Makhleb.
 13001 | Lair:5   | Found the +8 demon trident "Rift" {distort, reach+}
 13385 | Lair:6   | Entered Level 6 of the Lair of Beasts
 13600 | Lair:6   | Reached skill level 10 in Shields
 13664 | Lair:6   | Gained mutation: Your large and strong wings let you fly
                  | indefinitely. [Gargoyle growth]
 13664 | Lair:6   | Reached XP level 14. HP: 59/92 MP: 14/14
 13863 | Lair:6   | Found a staircase to the Slime Pits.
 13863 | Lair:6   | Found a viscous altar of Jiyva.
 14035 | Lair:6   | Received a gift from Trog
 14928 | D:12     | Found a staircase to the Orcish Mines.
 15077 | D:12     | Reached skill level 10 in Dodging
 15143 | D:12     | Slain by a gargoyle

Levels and vault maps discovered:
D:1:      co_arrival_random_square_maze, layout_basic, hangedman_glass_teeth,
          minivault_4
D:2:      lemuel_upstairs_altar, layout_basic, chequers_serial_rivers_micro_b,
          minmay_misc_feat_secret_circle
D:3:      layout_basic, minitemple, first_ration, serial_undead,
          serial_undead_e, serial_undead_d, serial_undead_e, serial_undead_c,
          serial_undead_d, serial_undead_c, serial_undead_b, serial_undead_b
D:4:      layout_layer_cave, minivault_19, uniq_pikel
D:5:      layout_gridville, minmay_manual_mares, uniq_eustachio
D:6:      layout_basic, nicolae_qazlal_style_of_elements, serial_shops,
          shop_fountains, basic_altar
D:7:      layout_rooms, nicolae_overflow_crystal_walls, temple_statues,
          basic_altar, serial_glass, glass_columns_c, glass_columns_a,
          glass_columns_c, glass_columns_b, glass_columns_a, glass_columns_c,
          glass_columns_c, glass_columns_a, the_bakery, minmay_shop_grid_forest,
          dk_noncrumbling_4, hex_tiny
D:8:      layout_basic, dpeg_oklobed_lair, nemelex_spade_bored_becter
D:9:      layout_irregular_city, lemuel_blue_sif_altar,
          minmay_fractal_squares_diagonal_5
D:10:     layout_roguey, serial_shops, shop
D:11:     lemuel_reptile_caves, layout_basic
D:12:     minmay_the_grid_octo_tiled_octocenter [minmay_the_grid_octo_checkered,
          minmay_the_grid_octo_odd_swirl, minmay_the_grid_octo_clover,
          minmay_the_grid_octo_clover_2, minmay_the_grid_octo_prize_star,
          minmay_the_grid_square_5x5_intrusive_squares,
          minmay_the_grid_square_5x5_minivault,
          minmay_the_grid_square_5x5_dogpile,
          minmay_the_grid_square_5x5_almost_minimal], layout_basic,
          serial_shops, shop, gauntlet_entry_generic, minivault_25_ag
Temple:   chequers_temple_sunken
Lair:1:   layout_big_grid, st_stairs_5, lemuel_fruit_fields, uniq_nergalle
Lair:2:   layout_roguey, guppyfry_snake_entry_garden, ebering_ghost_inner_flame
Lair:3:   layout_cave_pods, basic_altar, beast_lair_carwin_3,
          lemuel_fruit_fields
Lair:4:   layout_regular_city, minmay_shoals_entry_lonely_mermaid,
          grunt_megastairs_3
Lair:5:   layout_small_grid, basic_altar, nicolae_quartered_pool_medium
Lair:6:   minmay_lair_end_frog_pond, layout_long_grid, slime_altar_1,
          infiniplex_staircase_pool, serial_bayou_shore_a

Skill      XL: |  1  2  3  4  5  6  7  8  9 10 11 12 13 14 |
---------------+-------------------------------------------+-----
Axes           | 3 4 5 6 7 8 9 10 11 | 11.1
Dodging        | 2 3 4 5 6 7 8 9 10 | 10.1
Armour         | 3 5 6 7 8 10 11 12 | 12.8
Fighting       | 4 5 6 8 9 10 11 12 | 12.9
Shields        | 3 5 7 8 10 | 10.9

Action                   |  1- 3 |  4- 6 |  7- 9 | 10-12 | 13-15 || total
-------------------------+-------+-------+-------+-------+-------++-------
Melee: Hand axe          |    90 |       |       |       |       ||    90
       War axe           |       |   115 |   463 |   727 |       ||  1305
       Broad axe         |       |       |       |    66 |   681 ||   747
Invok: Berserk           |     3 |     2 |     2 |     3 |     6 ||    16
       Trog's Hand       |       |     1 |       |     1 |     2 ||     4
       Brothers in Arms  |       |       |       |     3 |     4 ||     7
 Abil: Fly               |       |       |       |       |     1 ||     1
  Use: Scroll            |       |       |    20 |    13 |     4 ||    37
       Potion            |       |       |       |     1 |     1 ||     2
  Eat: Chunk             |     3 |     5 |    17 |    22 |    22 ||    69
       Ration            |       |       |       |       |     1 ||     1
Armor: Animal skin       |    31 |       |       |       |       ||    31
       Plate armour      |    16 |   128 |   392 |   711 |   811 ||  2058
Dodge: Dodged            |    80 |    81 |   202 |   217 |   304 ||   884
Block: Large shield      |       |       |   162 |   915 |   967 ||  2044
